 Dungeon Crawl Stone Soup version 0.25-a0-603-g0321be95db (webtiles) character file.

Game seed: 11418176123008514823, levelgen mode: deterministic

13305 RedPan the Protected (level 12, -3/93 HPs)
             Began as a Gnoll Wanderer on Mar 16, 2020.
             Was a Priest of Cheibriados.
             Slain by a spiny frog (12 damage)
             ... on level 2 of the Lair of Beasts.
             The game lasted 00:37:07 (14508 turns).

RedPan the Protected (Gnoll Wanderer)              Turns: 14508, Time: 00:37:08

Health: -3/93      AC: 11    Str: 29    XL:     12   Next: 4%
Magic:  11/22      EV: 17    Int: 20    God:    Cheibriados [***...]
Gold:   362        SH:  7    Dex: 24    Spells: 12/24 levels left

rFire    + + .     SeeInvis .   A - +4 mace (freeze)
rCold    + + .     Gourm    +   u - +0 buckler (curse)
rNeg     . . .     Faith    .   r - +1 swamp dragon scales
rPois    +         Spirit   .   (no helmet)
rElec    .         Reflect  .   x - scarf {rC+ rF+}
rCorr    .         Harm     .   j - +0 pair of gloves
MR       .....                  (no boots)
Stlth    +++.......             k - amulet of the gourmand
HPRegen  0.25/turn              Q - ring of protection from fire
MPRegen  0.18/turn              B - ring of protection from cold

@: frozen ramparts, stab, very slow
A: distributed training, fangs 1, strong nose
a: Bend Time, Temporal Distortion, Renounce Religion


You were on level 2 of the Lair of Beasts.
You worshipped Cheibriados.
Cheibriados was most pleased with you.
You were completely stuffed.

You visited 3 branches of the dungeon, and saw 13 of its levels.

You collected 801 gold pieces.
You spent 439 gold pieces at shops.

Inventory:

Hand Weapons
 a - a +1 rapier of venom
 b - a +1 shortbow
 z - a +0 bardiche
 A - a +4 mace of freezing (weapon)
 I - a +0 war axe
 L - a +0 scimitar
Missiles
 d - 222 arrows
 p - 6 datura-tipped darts (quivered)
Armour
 j - a +0 pair of gloves (worn)
 r - +1 swamp dragon scales (worn)
 u - a cursed +0 buckler (worn)
 v - a +0 cloak
 x - a scarf of resistance (worn)
 H - a +0 plate armour
Jewellery
 k - an amulet of the gourmand (around neck)
 t - an uncursed ring of positive energy
 y - an uncursed ring of poison resistance
 B - a ring of protection from cold (right hand)
 G - an uncursed ring of resist corrosion
 N - an uncursed ring of positive energy
 Q - a ring of protection from fire (left hand)
Wands
 i - a wand of polymorph (6)
 s - a wand of disintegration (10)
 w - a wand of clouds (10)
 C - a wand of acid (20)
Scrolls
 e - 6 scrolls of teleportation
 m - 6 scrolls of remove curse
 F - a scroll of amnesia
 J - a scroll of enchant armour
Potions
 c - 3 potions of haste
 f - 2 potions of brilliance
 h - 2 potions of cancellation
 l - 2 potions of mutation
 n - 5 potions of curing
 o - 2 potions of flight
 q - a potion of magic
 D - a potion of resistance
 K - a potion of degeneration {unknown}
 M - a potion of lignification {unknown}
 O - 2 potions of heal wounds {unknown}
Comestibles
 g - 28 rations
 P - 2 chunks of flesh


   Skills:
 + Level 8.2 Fighting
 + Level 6.7 Short Blades
 + Level 6.7 Long Blades
 + Level 8.2 Axes
 + Level 6.7 Maces & Flails
 + Level 6.7 Polearms
 + Level 6.7 Staves
 + Level 6.7 Slings
 + Level 8.2 Bows
 + Level 6.7 Crossbows
 + Level 6.7 Throwing
 + Level 8.2 Armour
 + Level 6.7 Dodging
 + Level 7.2 Stealth
 + Level 7.3 Shields
 + Level 6.7 Unarmed Combat
 + Level 6.7 Spellcasting
 + Level 5.6 Conjurations
 + Level 5.6 Hexes
 + Level 5.6 Charms
 + Level 5.6 Summonings
 + Level 5.6 Necromancy
 + Level 5.6 Translocations
 + Level 5.6 Transmutations
 + Level 5.6 Fire Magic
 + Level 5.6 Ice Magic
 + Level 5.6 Air Magic
 + Level 5.6 Earth Magic
 + Level 5.6 Poison Magic
 + Level 7.4 Invocations
 + Level 6.7 Evocations


You had 12 spell levels left.
You knew the following spells:

 Your Spells              Type           Power        Failure   Level  Hunger
a - Passwall              Tmut/Erth      ####....     1%          2    None
b - Frozen Ramparts       Ice            ####..       4%          3    #......
c - Stone Arrow           Conj/Erth      ####..       4%          3    #......
d - Summon Ice Beast      Ice/Summ       ####....     13%         4    ###....

Your spell library contained the following spells:

 Spells                   Type           Power        Failure   Level  Hunger
 Freeze                   Ice            ####         1%          1    None
 Magic Dart               Conj           ####         1%          1    None
 Sandblast                Erth           ####..       1%          1    None
 Summon Small Mammal      Summ           ####         1%          1    None
 Blink                    Tloc           N/A          1%          2    None
 Call Imp                 Summ           ####....     1%          2    None
 Slow                     Hex            ####....     1%          2    None
 Call Canine Familiar     Summ           ####....     4%          3    #......
 Conjure Flame            Conj/Fire      ####....     4%          3    #......
 Mephitic Cloud           Conj/Pois/Air  ####....     4%          3    #......
 Ozocubu's Armour         Chrm/Ice       ####....     4%          3    #......
 Summon Guardian Golem    Hex/Summ       ####....     4%          3    #......
 Cause Fear               Hex            ####......   13%         4    ###....
 Hailstorm                Conj/Ice       ####....     13%         4    ###....
 Petrify                  Tmut/Erth      ####....     13%         4    ###....
 Summon Lightning Spire   Summ/Air       ####....     13%         4    ###....
 Lee's Rapid Deconstruct  Erth           ####......   36%         5    #####..
 Silence                  Hex/Air        ####......   36%         5    #####..
 Yara's Violent Unravell  Hex/Tmut       ####......   36%         5    #####..
 Deflect Missiles         Chrm/Air       ####......   90%         6    ######.
 Discord                  Hex            ####......   100%        8    #######


Dungeon Overview and Level Annotations

Branches:
Dungeon (10/15)            Temple (1/1) D:6            Lair (2/6) D:9
  Swamp: Lair:2-4    Shoals: Lair:2-4     Snake: Lair:2-4    Spider: Lair:2-4
    Orc: D:9-12

Altars:
Ashenzari
Cheibriados
Dithmenos
Elyvilon
Hepliaklqana
Kikubaaqudgha
Makhleb
Okawaru
Qazlal
Sif Muna
Trog
Uskayaw
Vehumet
Zin
The Shining One

Shops:
D:4 }*[

Annotations:
D:3 1 runed translucent door
D:7 exclusion: ugly thing
D:8 3 runed translucent doors, Emblim88's ghost, novice GnSk
D:9 2 transporters, Rimox's ghost, novice VSFi
Lair:1 3 runed translucent doors, Xeuzol's ghost, novice DEWz
Lair:2 Gastronok


Innate Abilities, Weirdness & Mutations

Your experience applies equally to all skills.
You have very sharp teeth.
Your uncanny sense of smell can sniff out nearby items.


Message History

Unknown command.
Casting: Summon Ice Beast (safe; 13% risk of failure)
Confirm with . or Enter, or press ? or * to list all spells.
The walls around you are covered in icicles.
The walls release a blast of icicles at the spiny frog!
The spiny frog stings you.
* * * LOW HITPOINT WARNING * * *
The wall releases a blast of icicles at the crocodile!
The crocodile is encased in ice.
The crocodile closely misses you.
Your ice beast hits the crocodile.
Your ice beast freezes the crocodile.
The crocodile seems to slow down.
The crocodile dies!
Cheibriados appreciates the change of pace.
Unknown command.
Unknown command.
The walls release a blast of icicles at the quokka!
The quokka is encased in ice.
The wall releases a blast of icicles at the spiny frog!
The spiny frog stings you!
You die...

#...#....P# #..###....##
### #......####
###P.....P# ##P...†##
##......## #####
##...#....###
##P###.#.###...#.#....P##
....P..÷.@Y....####...<.#
.........#F..#P# ##....#
........#.r.#### #P....#
.#P#..#....P## ##....# #
###.#....P# ##....
##......# #P...
##...#...^# P...P
###wr..##....# #..?#
#P...### ....#


You could see a spiny frog, a quokka and a friendly ice beast.

Vanquished Creatures
  A death yak (D:8)
  Pikel (D:5)
  A spiny frog (Lair:1)
  A komodo dragon (Lair:1)
  A troll (D:9)
  2 polar bears (D:8)
  4 blink frogs (Lair:1)
  8 hippogriffs
  12 yaks
  A wyvern (D:9)
  3 water moccasins
  A porcupine (Lair:1)
  A sky beast (D:5)
  5 black bears
  5 phantoms
  2 eyes of draining
  2 orc warriors
  7 ice beasts
  3 slaves (D:5)
  An ogre (D:10)
  2 wolves (D:8)
  2 centaurs
  A crocodile (D:9)
  A big kobold (D:8)
  13 bullfrogs
  A water moccasin zombie (D:10)
  6 scorpions
  4 wights (D:6)
  3 electric eels (D:8)
  3 howler monkeys
  2 crimson imps
  A quasit (D:10)
  A jelly (D:9)
  Crazy Yiuf (D:4)
  3 hounds
  An orc priest (D:7)
  8 orc wizards
  4 worker ants
  A killer bee zombie (D:6)
  A centaur simulacrum (D:8)
  A hound zombie (D:9)
  A worker ant zombie (D:9)
  9 adders
  3 shadow imps
  5 white imps (D:8)
  A howler monkey simulacrum (D:8)
  A worker ant simulacrum (D:8)
  3 oozes
  2 adder zombies (D:6)
  2 worms
  A dart slug (D:2)
  6 leopard geckos
  27 orcs
  12 bats
  7 giant cockroaches
  8 goblins
  4 hobgoblins
  7 jackals (D:6)
  8 quokkas
  A ball python (D:1)
  2 frilled lizards (D:2)
  2 jackal skeletons
  16 kobolds
  A quokka simulacrum (D:8)
  8 rats
  A toadstool (D:10)
260 creatures vanquished.

Vanquished Creatures (collateral kills)
  2 two-headed ogres
  A blink frog (Lair:1)
  3 yaks (Lair:1)
  A crocodile (Lair:2)
7 creatures vanquished.

Vanquished Creatures (others)
  7 fungi (D:9)
  A plant (D:9)
  3 toadstools (D:10)
11 creatures vanquished.

Grand Total: 278 creatures vanquished

Notes
Turn   | Place    | Note
-------+----------+-------------------------------------------
     0 | D:1      | RedPan the Gnoll Wanderer began the quest for the Orb.
     0 | D:1      | RedPan set off with the following items: a +2 dagger, a
                  | potion of haste, a +0 shortbow, 29 arrows, a scroll of
                  | teleportation, a +0 robe, a ration
     0 | D:1      | Reached XP level 1. HP: 20/20 MP: 1/1
   309 | D:1      | Reached XP level 2. HP: 25/26 MP: 2/2
   744 | D:1      | Reached XP level 3. HP: 28/31 MP: 3/3
  1466 | D:2      | Reached skill level 1 in Invocations
  1852 | D:2      | Reached skill level 1 in Short Blades
  1852 | D:2      | Reached skill level 1 in Long Blades
  1852 | D:2      | Reached skill level 1 in Maces & Flails
  1852 | D:2      | Reached skill level 1 in Polearms
  1852 | D:2      | Reached skill level 1 in Staves
  1852 | D:2      | Reached skill level 1 in Slings
  1852 | D:2      | Reached skill level 1 in Crossbows
  1852 | D:2      | Reached skill level 1 in Throwing
  1852 | D:2      | Reached skill level 1 in Dodging
  1852 | D:2      | Reached skill level 1 in Unarmed Combat
  1852 | D:2      | Reached skill level 1 in Spellcasting
  1852 | D:2      | Reached skill level 1 in Evocations
  1953 | D:2      | Reached XP level 4. HP: 36/38 MP: 5/5
  2673 | D:3      | Reached skill level 1 in Conjurations
  2673 | D:3      | Reached skill level 1 in Hexes
  2673 | D:3      | Reached skill level 1 in Charms
  2673 | D:3      | Reached skill level 1 in Summonings
  2673 | D:3      | Reached skill level 1 in Necromancy
  2673 | D:3      | Reached skill level 1 in Translocations
  2673 | D:3      | Reached skill level 1 in Transmutations
  2673 | D:3      | Reached skill level 1 in Fire Magic
  2673 | D:3      | Reached skill level 1 in Ice Magic
  2673 | D:3      | Reached skill level 1 in Air Magic
  2673 | D:3      | Reached skill level 1 in Earth Magic
  2673 | D:3      | Reached skill level 1 in Poison Magic
  2679 | D:3      | Reached XP level 5. HP: 36/43 MP: 6/6
  2933 | D:3      | Found a runed translucent door.
  2933 | D:3      | Found a glowing silver altar of Zin.
  2933 | D:3      | Noticed an angel
  3683 | D:4      | Found a stormy altar of Qazlal.
  3753 | D:4      | Reached XP level 6. HP: 50/50 MP: 8/8
  3996 | D:4      | Found Ojuohabol's Assorted Antiques.
  4132 | D:4      | Found Xoinijei's Armour Emporium.
  4273 | D:4      | Bought a glowing rapier for 175 gold pieces
  4325 | D:4      | Found Tyowk's Gadget Emporium.
  4440 | D:4      | Found a runed translucent door.
  4441 | D:4      | Noticed Crazy Yiuf
  4764 | D:4      | Killed Crazy Yiuf
  5116 | D:5      | Entered Level 5 of the Dungeon
  5123 | D:4      | Reached skill level 5 in Fighting
  5123 | D:4      | Reached skill level 5 in Axes
  5123 | D:4      | Reached skill level 5 in Bows
  5123 | D:4      | Reached skill level 5 in Armour
  5154 | D:5      | Found a shattered altar of Ashenzari.
  5157 | D:5      | Noticed a phantom
  5217 | D:5      | Killed a phantom
  5217 | D:5      | Reached XP level 7. HP: 14/56 MP: 10/10
  5476 | D:5      | Found an iron altar of Okawaru.
  5498 | D:5      | Noticed a hippogriff
  5510 | D:5      | Killed a hippogriff
  5683 | D:5      | You fall into a shaft and drop 2 floors!
  5789 | D:6      | Reached XP level 8. HP: 60/63 MP: 12/12
  5951 | D:6      | Found a white marble altar of Elyvilon.
  5955 | D:6      | Found a hazy altar of Hepliaklqana.
  6099 | D:5      | Noticed Pikel
  6243 | D:5      | Killed Pikel
  6409 | D:5      | Learned a level 2 spell: Passwall
  6602 | D:5      | Found a stormy altar of Qazlal.
  6756 | D:6      | Found a staircase to the Ecumenical Temple.
  6788 | Temple   | Entered the Ecumenical Temple
  6802 | Temple   | Became a worshipper of Cheibriados the Contemplative
  6858 | D:6      | Reached XP level 9. HP: 58/69 MP: 14/14
  7785 | D:7      | Noticed a white ugly thing
  7835 | D:7      | Reached skill level 5 in Shields
  7988 | D:7      | Reached skill level 5 in Stealth
  8159 | D:7      | Reached skill level 5 in Invocations
  8586 | D:8      | Reached * piety under Cheibriados
  8627 | D:8      | Found a runed translucent gate.
  8627 | D:8      | Found a runed translucent gate.
  8629 | D:8      | Noticed Emblim88's ghost (novice GnSk)
  8630 | D:8      | Found a runed translucent gate.
  8631 | D:8      | Identified the +7 short sword of Internal Strife {venom,
                  | rElec rN++ MR- Int+3}
  8765 | D:8      | Reached XP level 10. HP: 75/77 MP: 17/17
  9123 | D:8      | Reached skill level 5 in Short Blades
  9123 | D:8      | Reached skill level 5 in Long Blades
  9123 | D:8      | Reached skill level 5 in Maces & Flails
  9123 | D:8      | Reached skill level 5 in Polearms
  9123 | D:8      | Reached skill level 5 in Staves
  9123 | D:8      | Reached skill level 5 in Slings
  9123 | D:8      | Reached skill level 5 in Crossbows
  9123 | D:8      | Reached skill level 5 in Throwing
  9123 | D:8      | Reached skill level 5 in Dodging
  9123 | D:8      | Reached skill level 5 in Unarmed Combat
  9123 | D:8      | Reached skill level 5 in Spellcasting
  9123 | D:8      | Reached skill level 5 in Evocations
  9133 | D:8      | Noticed a death yak
  9393 | D:4      | Bought a wand of acid (7) for 264 gold pieces
  9555 | D:8      | Found an ancient bone altar of Kikubaaqudgha.
  9571 | D:8      | Reached ** piety under Cheibriados
  9656 | D:8      | Found a burning altar of Makhleb.
 10194 | D:8      | Killed a death yak
 10686 | D:8      | Got an encrusted scale mail
 10697 | D:8      | Identified the +0 scale mail "Lefosawk" {rN+ MR- rCorr
                  | Slay+2} (You found it on level 8 of the Dungeon)
 10970 | D:9      | Reached XP level 11. HP: 63/84 MP: 19/19
 11144 | D:9      | Found a staircase to the Lair.
 11768 | D:8      | Reached skill level 5 in Conjurations
 11768 | D:8      | Reached skill level 5 in Hexes
 11768 | D:8      | Reached skill level 5 in Charms
 11768 | D:8      | Reached skill level 5 in Summonings
 11768 | D:8      | Reached skill level 5 in Necromancy
 11768 | D:8      | Reached skill level 5 in Translocations
 11768 | D:8      | Reached skill level 5 in Transmutations
 11768 | D:8      | Reached skill level 5 in Fire Magic
 11768 | D:8      | Reached skill level 5 in Ice Magic
 11768 | D:8      | Reached skill level 5 in Air Magic
 11768 | D:8      | Reached skill level 5 in Earth Magic
 11768 | D:8      | Reached skill level 5 in Poison Magic
 11936 | D:8      | Learned a level 3 spell: Frozen Ramparts
 11940 | D:8      | Learned a level 3 spell: Stone Arrow
 11945 | D:8      | Learned a level 4 spell: Summon Ice Beast
 12037 | D:9      | Found a transporter.
 12084 | D:9      | Found a glowing golden altar of the Shining One.
 12189 | D:9      | Noticed a two-headed ogre
 12196 | D:9      | Killed a two-headed ogre
 12336 | D:9      | Reached *** piety under Cheibriados
 12409 | D:9      | Noticed a moth of wrath
 12420 | D:9      | Found a transporter.
 12422 | D:9      | Noticed a four-headed hydra
 12422 | D:9      | Noticed Rimox's ghost (novice VSFi)
 12473 | D:10     | Entered Level 10 of the Dungeon
 12817 | D:10     | Noticed a two-headed ogre
 12826 | D:10     | Killed a two-headed ogre
 13243 | Lair:1   | Entered Level 1 of the Lair of Beasts
 14286 | Lair:1   | Reached XP level 12. HP: 82/93 MP: 19/22
 14331 | Lair:1   | Found a runed translucent gate.
 14331 | Lair:1   | Found a runed translucent gate.
 14331 | Lair:1   | Found a runed translucent gate.
 14331 | Lair:1   | Noticed Xeuzol's ghost (novice DEWz)
 14485 | Lair:2   | Noticed Gastronok
 14508 | Lair:2   | Slain by a spiny frog

Levels and vault maps discovered:
D:1:      lightli_arrival_windingriver, layout_basic
D:2:      minmay_evil_eye, layout_basic
D:3:      layout_basic, lemuel_angel_altar
D:4:      layout_gridville, lemuel_round_altar, serial_shops,
          kennysheep_little_box, nicolae_shop_statue_plus, shop,
          uniq_crazy_yiuf_cottage
D:5:      layout_gridville, evilmike_ruin_ashenzari,
          nicolae_overflow_crystal_walls, first_ration,
          nicolae_qazlal_general_emergency, uniq_pikel
D:6:      layout_loops_corners, grunt_temple_overflow_open,
          minmay_temple_entry_ruins
D:7:      layout_loops_ring
D:8:      layout_basic, kennysheep_mini_moat, lightli_temple_of_fire,
          serial_ice, serial_ice_m, serial_ice_b, serial_ice_h, serial_ice_o,
          serial_ice_a, serial_ice_g, serial_ice_c, serial_ice_n, serial_ice_d,
          serial_ice_j, gammafunk_ghost_nasty_kobolds
D:9:      layout_cave_pools, lemuel_round_altar, due_lair_maze_entry_diamond,
          gammafunk_ghost_berserking_beasts, grunt_ogre_cave
D:10:     layout_cave_pools, minmay_parallelograms, minmay_gold_behind_fungi,
          grunt_decor_arrowhead, grunt_ministairs_15, minmay_between
Temple:   zaba_magenta_temple
Lair:1:   layout_chaotic_city, gammafunk_ghost_necromancy, grunt_megastairs_4,
          serial_bayou_shore_b, infiniplex_staircase_pool_2
Lair:2:   layout_concentric_octagons, uniq_gastronok

Skill      XL: |  1  2  3  4  5  6  7  8  9 10 11 |
---------------+----------------------------------+-----
Invocations    | 1 2 3 4 5 6 7 |  7.4
Short Blades   | 1 2 3 4 5 6 |  6.7
Long Blades    | 1 2 3 4 5 6 |  6.7
Maces & Flails | 1 2 3 4 5 6 |  6.7
Polearms       | 1 2 3 4 5 6 |  6.7
Staves         | 1 2 3 4 5 6 |  6.7
Slings         | 1 2 3 4 5 6 |  6.7
Crossbows      | 1 2 3 4 5 6 |  6.7
Throwing       | 1 2 3 4 5 6 |  6.7
Dodging        | 1 2 3 4 5 6 |  6.7
Unarmed Combat | 1 2 3 4 5 6 |  6.7
Spellcasting   | 1 2 3 4 5 6 |  6.7
Evocations     | 1 2 3 4 5 6 |  6.7
Conjurations   | 1 2 3 4 5 |  5.6
Hexes          | 1 2 3 4 5 |  5.6
Charms         | 1 2 3 4 5 |  5.6
Summonings     | 1 2 3 4 5 |  5.6
Necromancy     | 1 2 3 4 5 |  5.6
Translocations | 1 2 3 4 5 |  5.6
Transmutations | 1 2 3 4 5 |  5.6
Fire Magic     | 1 2 3 4 5 |  5.6
Ice Magic      | 1 2 3 4 5 |  5.6
Air Magic      | 1 2 3 4 5 |  5.6
Earth Magic    | 1 2 3 4 5 |  5.6
Poison Magic   | 1 2 3 4 5 |  5.6
Shields        | 3 4 5 6 7 |  7.3
Stealth        | 3 4 5 6 7 |  7.2
Fighting       | 5 6 7 8 |  8.2
Axes           | 5 6 7 8 |  8.2
Bows           | 5 6 7 8 |  8.2
Armour         | 5 6 7 8 |  8.2

Action                   |  1- 3 |  4- 6 |  7- 9 | 10-12 || total
-------------------------+-------+-------+-------+-------++-------
Melee: Dagger            |   119 |    53 |       |       ||   172
       Bite              |    13 |    11 |    58 |    66 ||   148
       Rapier            |       |    60 |   256 |       ||   316
       Punch             |       |       |     6 |       ||     6
       Mace              |       |       |   139 |   389 ||   528
 Fire: Shortbow          |     7 |   102 |       |       ||   109
 Cast: Frozen Ramparts   |       |       |       |    17 ||    17
       Summon Ice Beast  |       |       |       |    10 ||    10
       Stone Arrow       |       |       |       |     4 ||     4
Invok: Bend Time         |       |       |     3 |    10 ||    13
Evoke: Wand              |       |       |       |     2 ||     2
  Use: Scroll            |     1 |     8 |     8 |     3 ||    20
       Potion            |       |       |       |     2 ||     2
 Stab: Sleeping          |       |       |     1 |    10 ||    11
       Distracted        |       |       |       |     4 ||     4
  Eat: Chunk             |     9 |    12 |    14 |    11 ||    46
Armor: Chain mail        |    72 |   103 |    29 |       ||   204
       Swamp dragon scal |       |       |   151 |   143 ||   294
Dodge: Dodged            |    54 |    75 |   228 |   286 ||   643
Block: Buckler           |       |       |    61 |   138 ||   199

Table legend:
 A = Non-vault XP
 B = Vault XP
 C = Vault XP percentage of total XP
 D = Non-vault monster count
 E = Vault monster count
 F = Vault count percentage of total count
                 A         B        C        D         E       F
            +---------+---------+-------+---------+---------+-------
      Total |   11281 |    7727 |  40.7 |     210 |      53 |  20.2
            +---------+---------+-------+---------+---------+-------
        D:1 |      34 |       0 |   0.0 |      19 |       0 |   0.0
        D:2 |      63 |      19 |  23.2 |      16 |       5 |  23.8
        D:3 |     124 |       0 |   0.0 |      29 |       0 |   0.0
        D:4 |     188 |      42 |  18.3 |      16 |       1 |   5.9
        D:5 |     816 |     641 |  44.0 |      16 |       1 |   5.9
        D:6 |    1141 |       0 |   0.0 |      28 |       0 |   0.0
        D:7 |    1196 |       0 |   0.0 |      15 |       0 |   0.0
        D:8 |    1843 |    3359 |  64.6 |      31 |      23 |  42.6
        D:9 |    1743 |    1817 |  51.0 |      16 |      11 |  40.7
       D:10 |    1343 |     394 |  22.7 |      10 |       5 |  33.3
     Lair:1 |    2316 |    1455 |  38.6 |      10 |       7 |  41.2
     Lair:2 |     474 |       0 |   0.0 |       4 |       0 |   0.0
            +---------+---------+-------+---------+---------+-------
